 Dungeon Crawl Stone Soup version 0.22-a0-458-gb446440 (webtiles) character file.

5492 Tallim the Cleaver (level 10, -2/88 HPs)
             Began as a Minotaur Berserker on June 9, 2018.
             Was an Elder of Trog.
             Slain by a troll (7 damage)
             ... on level 9 of the Dungeon.
             The game lasted 00:22:33 (6232 turns).

Tallim the Cleaver (Minotaur Berserker)             Turns: 6232, Time: 00:22:35

Health: -2/88      AC: 15    Str: 23    XL:     10   Next: 42%
Magic:  9/9        EV:  8    Int:  4    God:    Trog [****..]
Gold:   337        SH:  0    Dex: 16    Spells: 9/9 levels left

rFire    . . .     SeeInvis .   C - +3 battleaxe
rCold    . . .     Gourm    .   (shield currently unavailable)
rNeg     . . .     Faith    .   g - +1 plate armour
rPois    .         Spirit   .   (helmet restricted)
rElec    .         Reflect  .   (no cloak)
rCorr    .         Harm     .   k - +0 pair of gloves
MR       .....                  (no boots)
Stlth    ..........             (no amulet)
HPRegen  0.24/turn              f - +4 ring of dexterity
MPRegen  0.11/turn              (no ring)

@: no status effects
A: retaliatory headbutt, horns 2
a: Berserk, Trog's Hand, Brothers in Arms, Renounce Religion


You were on level 9 of the Dungeon.
You worshipped Trog.
Trog was greatly pleased with you.
You were not hungry.

You visited 1 branch of the dungeon, and saw 8 of its levels.

You collected 393 gold pieces.
You spent 56 gold pieces at shops.

Inventory:

Hand Weapons
 a - a +0 hand axe
 m - a +0 hand axe
 z - a +2 hand axe of freezing
 C - a +3 battleaxe (weapon)
Missiles
 h - 9 tomahawks (quivered)
Armour
 b - a +0 animal skin
 g - a +1 plate armour (worn)
 k - a +0 pair of gloves (worn)
 t - a +0 plate armour
 B - a +0 pair of boots
Jewellery
 f - a +4 ring of dexterity (left hand)
 l - an uncursed ring of resist corrosion
 n - an uncursed ring of fire
 q - an uncursed ring of protection from cold {unknown}
 y - an uncursed ring of flight {unknown}
 D - a +6 ring of strength {unknown}
Wands
 w - a wand of flame (25)
 G - a wand of paralysis (10)
Scrolls
 e - a scroll of teleportation
 i - 5 scrolls of remove curse
 j - a scroll of enchant armour
 s - 2 scrolls of amnesia
 F - a scroll of fog {unknown}
 H - 2 scrolls of fear {unknown}
 I - a scroll of enchant weapon {unknown}
Potions
 d - 3 potions of heal wounds
 o - a potion of ambrosia {unknown}
 p - 3 potions of curing {unknown}
 r - a potion of mutation
 u - 2 potions of lignification {unknown}
 v - 3 potions of haste {unknown}
 x - a potion of might {unknown}
 A - 2 potions of flight {unknown}
 E - a potion of magic {unknown}
Comestibles
 c - 3 rations


   Skills:
 + Level 7.8 Fighting
 * Level 14.9 Axes
 + Level 0.1 Throwing
 + Level 7.8 Armour
 + Level 3.2 Dodging


You had 9 spell levels left.
You didn't know any spells.
Your spell library was empty.

Dungeon Overview and Level Annotations

Branches:
Dungeon (7/15)             Temple (0/1) D:4             Orc (0/2) D:9

Altars:
Cheibriados
Fedhas
Gozag
Okawaru
Qazlal
Uskayaw
Vehumet
Zin

Shops:
D:4 *   D:9 *

Annotations:
D:3 1 runed door


Innate Abilities, Weirdness & Mutations

You reflexively headbutt those who attack you in melee.
You have a pair of horns on your head.


Message History

The ogre hits you with a giant club!
You slash the ogre!
The ogre is moderately wounded.
The ogre hits you with a giant club!
You slash the ogre!
You kill the ogre!
Trog accepts your kill.
You hit the ogre.
The ogre is lightly wounded.
The ogre hits you with a giant spiked club!
You barely miss the ogre. You headbutt the ogre.
The ogre is moderately wounded.
The ogre hits you with a giant spiked club!
* * * LOW HITPOINT WARNING * * *
The orc hits you.
* * * LOW HITPOINT WARNING * * *
The troll bites you!
* * * LOW HITPOINT WARNING * * *
The troll claws you!
You die...

#...............................
##...............[...........(..
#............................(.
##....####.#.........##..(#####.
#...>...#......###..####.## ##(
##.##....#......##...# ### ###..
#####...##.#######.## ##.##.
##.###...(O....# #...#. ###
#####@##### ##.... #8TOo8#
##..#. #.oKg.# #...#. #..>..#
##.##. #.....# ###.. #8...8#
#####... ####### ##.......
#8.8.8... #.⌠.⌠....


You could see a troll, a big kobold, 2 ogres, a gnoll and 2 orcs.

Vanquished Creatures
  Erolcha (D:9)
  A two-headed ogre (D:9)
  The ghost of crawlian the Cleaver, a novice HOGl of Yredelemnul (D:6)
  The ghost of xccam the Spear-Bearer, an amateur MfGl (D:4)
  A hippogriff (D:7)
  A wyvern (D:6)
  Menkaure (D:6)
  A black bear (D:9)
  4 orc warriors
  A phantom (D:9)
  An eye of draining (D:9)
  2 centaurs
  8 ogres
  2 big kobolds (D:9)
  3 bullfrogs
  2 gnoll sergeants (D:9)
  A scorpion (D:9)
  3 wights (D:6)
  3 crimson imps
  A jelly (D:9)
  5 orc priests
  3 hounds
  2 orc wizards
  3 centaur skeletons
  2 iguanas
  4 worker ants
  A hound zombie (D:6)
  A howler monkey zombie (D:6)
  7 adders
  3 shadow imps
  An ooze (D:1)
  2 adder skeletons (D:4)
  4 worms
  2 dart slugs
  6 leopard geckos
  32 orcs
  5 bats
  8 giant cockroaches
  7 goblins
  6 hobgoblins
  12 jackals
  2 quokkas (D:2)
  A ball python (D:3)
  4 frilled lizards
  6 kobolds
  A quokka skeleton (D:4)
169 creatures vanquished.

Notes
Turn   | Place    | Note
-------+----------+-------------------------------------------
     0 | D:1      | Tallim the Minotaur Berserker began the quest for the Orb.
     0 | D:1      | Reached XP level 1. HP: 19/19 MP: 0/0
   217 | D:1      | Reached XP level 2. HP: 27/27 MP: 1/1
   743 | D:2      | Reached skill level 4 in Axes
   869 | D:2      | Reached XP level 3. HP: 33/33 MP: 2/2
  1133 | D:2      | Reached ** piety under Trog
  1188 | D:2      | Found a radiant altar of Vehumet.
  1190 | D:2      | Found an opulent altar of Gozag.
  1191 | D:2      | Found a hide-covered altar of Uskayaw.
  1381 | D:3      | Reached XP level 4. HP: 40/41 MP: 3/3
  1476 | D:3      | Reached skill level 5 in Axes
  1641 | D:3      | Reached XP level 5. HP: 29/47 MP: 4/4
  1644 | D:3      | Found a glowing silver altar of Zin.
  1644 | D:3      | Noticed an angel
  1645 | D:3      | Found a runed door.
  1973 | D:4      | Reached skill level 6 in Axes
  2130 | D:4      | Found Maxtap's Assorted Antiques.
  2138 | D:4      | Bought a scroll of identify for 56 gold pieces
  2151 | D:4      | Reached *** piety under Trog
  2232 | D:4      | Found a staircase to the Ecumenical Temple.
  2237 | D:4      | Found a blossoming altar of Fedhas.
  2237 | D:4      | Noticed an ogre
  2237 | D:4      | Found a stormy altar of Qazlal.
  2243 | D:4      | Killed an ogre
  2518 | D:4      | Reached skill level 5 in Fighting
  2518 | D:4      | Reached XP level 6. HP: 44/56 MP: 5/5
  2528 | D:4      | Noticed xccam's ghost (amateur MfGl)
  2576 | D:4      | Killed xccam's ghost
  2576 | D:4      | Reached skill level 7 in Axes
  3033 | D:4      | Reached XP level 7. HP: 61/61 MP: 6/6
  3155 | D:5      | Entered Level 5 of the Dungeon
  3155 | D:5      | Found a snail-covered altar of Cheibriados.
  3265 | D:5      | Reached skill level 8 in Axes
  3787 | D:6      | Reached skill level 9 in Axes
  4178 | D:6      | Reached skill level 5 in Armour
  4178 | D:6      | Reached XP level 8. HP: 67/70 MP: 7/7
  4541 | D:6      | Reached skill level 10 in Axes
  4542 | D:6      | Reached **** piety under Trog
  4723 | D:6      | Noticed Menkaure
  4732 | D:6      | Killed Menkaure
  4754 | D:6      | Reached skill level 11 in Axes
  4939 | D:6      | Noticed crawlian's ghost (novice HOGl)
  4955 | D:6      | Killed crawlian's ghost
  4955 | D:6      | Reached skill level 12 in Axes
  4955 | D:6      | Reached XP level 9. HP: 68/78 MP: 8/8
  5183 | D:7      | Found an iron altar of Okawaru.
  5183 | D:7      | Found an iron altar of Okawaru.
  5297 | D:7      | You fall through a shaft for 2 floors!
  5511 | D:9      | Reached skill level 13 in Axes
  5521 | D:9      | Noticed a two-headed ogre
  5530 | D:9      | Killed a two-headed ogre
  5556 | D:9      | Found Peghobum's Assorted Antiques.
  5778 | D:9      | Noticed Erolcha
  5781 | D:9      | Reached XP level 10. HP: 86/86 MP: 9/9
  5784 | D:9      | Reached skill level 14 in Axes
  5807 | D:9      | Killed Erolcha
  6188 | D:9      | Found a staircase to the Orcish Mines.
  6232 | D:9      | Slain by a troll

Vault maps used:
D:1:      dpeg_arrival_tiny_j, serial_glass, glass_columns_a, glass_columns_a,
          minmay_tripent
D:2:      gammafunk_temple_overflow_forgotten, first_ration
D:3:      lemuel_angel_altar
D:4:      grunt_temple_overflow_forces_of_nature,
          minmay_temple_entry_junction_2, serial_shops, shop
D:5:      kennysheep_slug_shrine, uniq_pikel
D:6:      uniq_menkaure
D:7:      okawaru_metal_pillars_1_2, basic_altar
D:9:      kennysheep_orc_monster_closet_entryway, serial_shops,
          nicolae_shop_temple_entry_statues_fountains, uniq_erolcha

Skill      XL: |  1  2  3  4  5  6  7  8  9 10 |
---------------+-------------------------------+-----
Fighting       | 4 5 6 7 |  7.8
Axes           | 4 5 6 7 9 12 13 14 | 14.9
Armour         | 3 4 5 6 7 |  7.8
Dodging        | 3 |  3.2
Throwing       | |  0.1

Action                   |  1- 3 |  4- 6 |  7- 9 | 10-12 || total
-------------------------+-------+-------+-------+-------++-------
Melee: Hand axe          |    77 |   139 |   142 |       ||   358
       Headbutt          |    13 |    24 |    53 |    14 ||   104
       Battleaxe         |       |       |    84 |    59 ||   143
Throw: Tomahawk          |     6 |     1 |       |       ||     7
Invok: Berserk           |       |     1 |       |       ||     1
Evoke: Wand              |       |       |     1 |       ||     1
  Use: Scroll            |       |    10 |     1 |       ||    11
       Potion            |       |     1 |       |       ||     1
 Stab: Sleeping          |     1 |       |       |       ||     1
  Eat: Ration            |     1 |     1 |     3 |       ||     5
       Chunk             |       |       |     2 |       ||     2
Armor: Plate armour      |    58 |    76 |   131 |    18 ||   283
       Animal skin       |     1 |       |       |       ||     1
Dodge: Dodged            |    37 |    41 |    81 |    10 ||   169

Table legend:
 A = Spawn XP
 B = Non-spawn XP
 C = Spawn XP percentage of total XP
 D = Spawn monster count
 E = Non-spawn monster count
 F = Spawn count percentage of total count
 G = Total turns spent on level
                    A         B        C        D         E        F      G
               +---------+---------+-------+---------+---------+-------+---------
         Total |       0 |    7846 |   0.0 |       0 |     169 |   0.0 |  6232
               +---------+---------+-------+---------+---------+-------+---------
           D:1 |       0 |      30 |   0.0 |       0 |      13 |   0.0 |   734
           D:2 |       0 |      39 |   0.0 |       0 |      17 |   0.0 |   561
           D:3 |       0 |     131 |   0.0 |       0 |      28 |   0.0 |   655
           D:4 |       0 |     549 |   0.0 |       0 |      19 |   0.0 |  1205
           D:5 |       0 |     358 |   0.0 |       0 |      13 |   0.0 |   624
           D:6 |       0 |    2207 |   0.0 |       0 |      38 |   0.0 |  1404
           D:7 |       0 |     484 |   0.0 |       0 |       9 |   0.0 |   114
           D:9 |       0 |    4048 |   0.0 |       0 |      32 |   0.0 |   935
               +---------+---------+-------+---------+---------+-------+---------
